Americans vs Thunderbirds
Created - December 16, 2024 at 20:11
Goals
|
| Americans |
2 |
0 |
2 |
4 |
| Thunderbirds |
0 |
1 |
2 |
3 |
|
Shots
|
| Americans |
10 |
15 |
9 |
34 |
| Thunderbirds |
12 |
5 |
13 |
30 |
|
1st period
1. Americans , Ryan Fitzgerald 16 (Kevin Fiala 20) at 12:17 (PP)
2. Americans , Ryan Fitzgerald 17 (Kevin Fiala 21) at 18:56 (PP)
Penalties :
Jakob Pelletier (Roc) for Diving (Minor) at 1:26, Calen Addison (Spr) for Roughing (Minor) at 9:05, Kevin Fiala (Roc) for Interference (Minor) at 9:13, Joachim Blichfeld (Spr) for Cross-checking (Minor) at 12:11, John Leonard (Roc) for Cross-checking (Minor) at 13:00, Dylan Blujus (Spr) for Interference (Minor) at 18:33
2nd period
3. Thunderbirds , Anthony Richard 7 (Dylan Sikura 10) at 19:22
Penalties :
Calen Addison (Spr) for Interference (Minor) at 8:41, Vladimir Tkachev (Roc) for Delaying the game (Minor) at 10:49, Paul Cotter (Spr) for Tripping (Minor) at 13:28
3rd period
4. Thunderbirds , Joachim Blichfeld 21 (Rourke Chartier 21) at 1:14 (PP)
5. Americans , Kevin Fiala 16 (Ryan Fitzgerald 14) at 13:09
6. Thunderbirds , Dylan Sikura 9 (Anthony Richard 17, Henri Jokiharju 9) at 14:31
7. Americans , Kevin Fiala 17 (Ryan Fitzgerald 15) at 14:42
Penalties :
Ryan Fitzgerald (Roc) for Tripping (Minor) at 1:09, Paul Cotter (Spr) for Holding (Minor) at 1:46, Trey Fix-Wolansky (Spr) for High sticking (Minor) at 18:12
Goalie Stats
Connor Hellebyuk (Roc), 27 saves from 30 shots - (0.900), W, 11-9-1, 60:00 minutes
Emil Larmi (Spr), 30 saves from 34 shots - (0.882), L, 11-7-1, 60:00 minutes
Players Stats for Americans
Player Name G A P +/- PIM S H SB GA TA FO MP PP MP PK MP
------------------------------------------------------------------------------------
Alex Schoenborn 0 0 0 0 0 1 2 0 0 0 0/0 7:14 0:21 0:00
Daniel Sprong 0 0 0 0 0 0 1 0 0 1 0/0 11:02 0:00 0:00
Devon Teows 0 0 0 1 0 1 0 0 0 1 0/0 19:23 2:45 2:34
Dillon Heatherington 0 0 0 0 0 1 1 0 0 2 0/0 29:51 5:36 3:36
Felix Bibeau 0 0 0 0 0 0 0 0 0 0 0/0 6:34 0:00 0:00
Jacob Larsson 0 0 0 1 0 0 2 0 1 0 0/0 19:23 2:45 2:34
Jakob Pelletier 0 0 0 0 2 2 2 0 0 0 0/0 12:52 0:07 1:25
John Leonard 0 0 0 -1 2 1 1 0 1 0 0/2 16:36 3:38 1:40
Jonas Brodin 0 0 0 0 0 5 1 0 0 0 0/0 29:51 5:36 3:36
Kevin Fiala 2 2 4 1 2 8 1 0 1 0 3/5 19:22 4:35 0:00
Maxim Mamin 0 0 0 0 0 3 2 0 1 0 2/3 13:24 0:24 1:14
Michael McCarron 0 0 0 -1 0 0 3 1 1 0 4/13 17:05 3:24 2:22
Nathan Noel 0 0 0 0 0 1 0 0 0 1 1/1 7:07 0:00 0:08
Richard Nejezchleb 0 0 0 -1 0 2 0 0 0 1 0/0 14:15 3:24 0:00
Ryan Fitzgerald 2 2 4 1 2 6 1 1 0 0 26/44 23:30 4:33 3:08
Samuel Bolduc 0 0 0 -1 0 0 0 0 0 0 0/0 10:46 0:00 0:00
Spencer Stastney 0 0 0 -1 0 1 1 1 0 1 0/0 10:46 0:00 0:00
Vladimir Tkachev 0 0 0 1 2 2 0 1 0 0 0/1 22:53 4:36 2:23
Players Stats for Thunderbirds
Player Name G A P +/- PIM S H SB GA TA FO MP PP MP PK MP
------------------------------------------------------------------------------------
Anthony Richard 1 1 2 1 0 4 1 2 1 1 3/8 17:07 2:45 2:23
Artturi Lehkonen 0 0 0 0 0 1 1 0 1 0 0/0 10:00 0:01 1:23
Calen Addison 0 0 0 0 4 2 2 2 0 1 0/0 27:08 3:47 3:08
Dylan Blujus 0 0 0 1 2 0 3 1 0 0 0/0 20:05 0:00 3:36
Dylan Sikura 1 1 2 1 0 3 0 0 1 0 1/1 13:52 0:01 1:57
Emil Bemstrom 0 0 0 -1 0 2 1 0 1 0 0/0 10:33 2:45 0:00
Frederic Allard 0 0 0 -1 0 2 0 0 0 2 0/0 13:36 0:08 4:11
Henri Jokiharju 0 1 1 0 0 1 1 2 1 1 0/0 28:47 2:23 4:26
Joachim Blichfeld 1 0 1 0 2 5 2 2 0 0 0/1 18:39 3:16 0:00
Matt Roy 0 0 0 1 0 0 1 0 1 0 0/0 19:27 2:31 1:05
Michael Rasmussen 0 0 0 1 0 0 0 0 0 0 0/0 15:47 3:05 0:00
Paul Cotter 0 0 0 -1 4 4 0 0 0 0 0/0 10:59 2:45 0:00
Pierre Engvall 0 0 0 0 0 0 1 0 0 0 0/0 20:46 0:00 4:55
Rasmus Kupari 0 0 0 0 0 0 2 0 0 0 2/3 8:19 0:08 0:00
Rourke Chartier 0 1 1 0 0 5 2 1 1 0 17/35 20:28 3:24 0:00
Sami Niku 0 0 0 -1 0 1 0 0 0 0 0/0 11:26 3:39 0:16
Trent Frederic 0 0 0 -1 0 0 1 0 0 0 10/21 13:46 0:12 4:56
Trey Fix-Wolansky 0 0 0 0 2 0 0 0 0 0 0/0 8:56 0:00 1:08
3 Stars
1 - Ryan Fitzgerald (Roc)
2 - Kevin Fiala (Roc)
3 - Anthony Richard (Spr)
Power Play
Americans - 2 on 7 Attempt(s) - 28.57%
Thunderbirds - 1 on 5 Attempt(s) - 20.00%
Penalty Kill
Americans - 4 on 5 Attempt(s) - 80.00%
- Score 0 goal in Penalty Kill
Thunderbirds - 5 on 7 Attempt(s) - 71.43%
- Score 0 goal in Penalty Kill
Team Stat
Americans - Hits : 18 - Faceoff Wins : 36 - Blocked Shots : 4 - Penalty Minutes : 10
Thunderbirds - Hits : 18 - Faceoff Wins : 33 - Blocked Shots : 10 - Penalty Minutes : 14
Official
Referees : Mitch Dunning and Jon McIsaac
Linesman : Brian Mach and Matt MacPherson
Game Notes
8:49 of 2nd period - Americans goal is going for a video replay. After video review, No Goal. The referee deems the play has been stopped, even if he had not physically had the opportunity to stop play by blowing his whistle.
Finance
Level 1 -- Attendance: 2000 (100.00%) -- Ticket Income $140,000
Level 2 -- Attendance: 904 (90.40%) -- Ticket Income $36,160
Total Attendance: 2904 (96.80%)
Total Ticket Income: $176,160
Other Income: $8,808
Total Income: $184,968
Americans
5 vs 5 Forward
Center Left Wing Right Wing Time % Phy DF OF
1 Ryan Fitzgerald Vladimir Tkachev Kevin Fiala 40 1 2 2
2 Michael McCarron John Leonard Richard Nejezchleb 30 1 2 2
3 Maxim Mamin Jakob Pelletier Daniel Sprong 20 1 2 2
4 Nathan Noel Felix Bibeau Alex Schoenborn 10 1 2 2
5 vs 5 Defense
Defense Defense Time % Phy DF OF
1 Jonas Brodin Dillon Heatherington 40 1 2 2
2 Devon Teows Jacob Larsson 30 1 2 2
3 Spencer Stastney Samuel Bolduc 20 1 2 2
4 Jonas Brodin Dillon Heatherington 10 1 2 2
PowerPlay Forward
Center Left Wing Right Wing Time % Phy DF OF
1 Ryan Fitzgerald Vladimir Tkachev Kevin Fiala 60 1 2 2
2 Michael McCarron John Leonard Richard Nejezchleb 40 1 2 2
PowerPlay Defense
Defense Defense Time % Phy DF OF
1 Jonas Brodin Dillon Heatherington 60 1 2 2
2 Devon Teows Jacob Larsson 40 1 2 2
Penalty Kill 4 Players Forward
Center Wing Time % Phy DF OF
1 Ryan Fitzgerald Vladimir Tkachev 60 1 2 2
2 Michael McCarron John Leonard 40 1 2 2
Penalty Kill 4 Players Defense
Defense Defense Time % Phy DF OF
1 Jonas Brodin Dillon Heatherington 60 1 2 2
2 Devon Teows Jacob Larsson 40 1 2 2
Penalty Kill - 3 Players Forward
Forward Time % Phy DF OF
1 Ryan Fitzgerald 60 1 2 2
2 Michael McCarron 40 1 2 2
Penalty Kill - 3 Players Defense
Defense Defense Time % Phy DF OF
1 Jonas Brodin Dillon Heatherington 60 1 2 2
2 Devon Teows Jacob Larsson 40 1 2 2
4 vs 4 Forward
Center Wing Time % Phy DF OF
1 Ryan Fitzgerald Vladimir Tkachev 60 1 2 2
2 Michael McCarron John Leonard 40 1 2 2
4 vs 4 Defense
Defense Defense Time % Phy DF OF
1 Jonas Brodin Dillon Heatherington 60 1 2 2
2 Devon Teows Jacob Larsson 40 1 2 2
Last Minutes Offensive
Center Left Wing Right Wing Defense Defense
Ryan Fitzgerald Vladimir Tkachev Kevin Fiala Jonas Brodin Dillon Heatherington
Last Minutes Defensive
Center Left Wing Right Wing Defense Defense
Ryan Fitzgerald Vladimir Tkachev Kevin Fiala Jonas Brodin Dillon Heatherington
Goaltenders
Starting : Connor Hellebyuk
Backup : Peyton Jones
Extra Forwards
Normal : Michael McCarron, Maxim Mamin, Nathan Noel - PP : Michael McCarron, Maxim Mamin - PK : Michael McCarron
Extra Defensemen
Normal : Jacob Larsson, Spencer Stastney, Samuel Bolduc - PP : Jacob Larsson - PK : Jacob Larsson, Spencer Stastney
Penalty Shots
Kevin Fiala, Ryan Fitzgerald, Richard Nejezchleb, Vladimir Tkachev, Michael McCarron
Custom OT Lines Forwards
Kevin Fiala, Ryan Fitzgerald, Richard Nejezchleb, Vladimir Tkachev, Michael McCarron, Maxim Mamin, Nathan Noel, Daniel Sprong, Alex Schoenborn, John Leonard
Custom OT Lines Defensemen
Jonas Brodin, Dillon Heatherington, Devon Teows, Jacob Larsson, Spencer Stastney
Scratches
Justin Bailey (Healthy), Peyton Krebs (Healthy), Matt Grzelcyk (Sprained Left Ankle Injury), Xavier Bouchard (Healthy), Dmitri Semykin (Healthy)
Zachary Senyshyn (Healthy), Lauri Pajuniemi (Healthy), Anthony Romano (Healthy), Austin Wong (Healthy), Christopher Paquette (Healthy)
Gianni Fairbrother (Healthy), Daniel Bukac (Healthy), Simon Holmstrom (Healthy)
Thunderbirds
5 vs 5 Forward
Center Left Wing Right Wing Time % Phy DF OF
1 Rourke Chartier Pierre Engvall Joachim Blichfeld 40 1 2 2
2 Anthony Richard Michael Rasmussen Dylan Sikura 30 1 2 2
3 Trent Frederic Paul Cotter Emil Bemstrom 20 1 2 2
4 Rasmus Kupari Artturi Lehkonen Trey Fix-Wolansky 10 1 2 2
5 vs 5 Defense
Defense Defense Time % Phy DF OF
1 Calen Addison Henri Jokiharju 40 1 2 2
2 Dylan Blujus Matt Roy 30 1 2 2
3 Frederic Allard Sami Niku 20 1 2 2
4 Calen Addison Dylan Blujus 10 1 2 2
PowerPlay Forward
Center Left Wing Right Wing Time % Phy DF OF
1 Rourke Chartier Michael Rasmussen Joachim Blichfeld 60 1 2 2
2 Anthony Richard Paul Cotter Emil Bemstrom 40 1 2 2
PowerPlay Defense
Defense Defense Time % Phy DF OF
1 Sami Niku Calen Addison 60 1 2 2
2 Matt Roy Henri Jokiharju 40 1 2 2
Penalty Kill 4 Players Forward
Center Wing Time % Phy DF OF
1 Trent Frederic Pierre Engvall 60 1 2 2
2 Anthony Richard Dylan Sikura 40 1 2 2
Penalty Kill 4 Players Defense
Defense Defense Time % Phy DF OF
1 Henri Jokiharju Calen Addison 60 1 2 2
2 Dylan Blujus Frederic Allard 40 1 2 2
Penalty Kill - 3 Players Forward
Forward Time % Phy DF OF
1 Trent Frederic 60 1 2 2
2 Anthony Richard 40 1 2 2
Penalty Kill - 3 Players Defense
Defense Defense Time % Phy DF OF
1 Dylan Blujus Henri Jokiharju 60 1 2 2
2 Calen Addison Frederic Allard 40 1 2 2
4 vs 4 Forward
Center Wing Time % Phy DF OF
1 Rourke Chartier Michael Rasmussen 60 1 2 2
2 Anthony Richard Artturi Lehkonen 40 1 2 2
4 vs 4 Defense
Defense Defense Time % Phy DF OF
1 Henri Jokiharju Dylan Blujus 60 1 2 2
2 Matt Roy Calen Addison 40 1 2 2
Last Minutes Offensive
Center Left Wing Right Wing Defense Defense
Rourke Chartier Michael Rasmussen Joachim Blichfeld Calen Addison Sami Niku
Last Minutes Defensive
Center Left Wing Right Wing Defense Defense
Trent Frederic Pierre Engvall Dylan Sikura Henri Jokiharju Frederic Allard
Goaltenders
Starting : Emil Larmi
Backup : Magnus Hellberg
Extra Forwards
Normal : Rasmus Kupari, Dylan Sikura, Trey Fix-Wolansky - PP : Trent Frederic, Artturi Lehkonen - PK : Trey Fix-Wolansky
Extra Defensemen
Normal : Frederic Allard, Sami Niku, Calen Addison - PP : Sami Niku - PK : Frederic Allard, Dylan Blujus
Penalty Shots
Rourke Chartier, Anthony Richard, Joachim Blichfeld, Trey Fix-Wolansky, Rasmus Kupari
Custom OT Lines Forwards
Rourke Chartier, Pierre Engvall, Dylan Sikura, Joachim Blichfeld, Anthony Richard, Trent Frederic, Artturi Lehkonen, Michael Rasmussen, Emil Bemstrom, Paul Cotter
Custom OT Lines Defensemen
Calen Addison, Henri Jokiharju, Dylan Blujus, Frederic Allard, Matt Roy
Scratches
Nathan Smith (Healthy), Jeremy Lauzon (Left Hip Injury), Alex Vlasic (Healthy), Rafael Harvey-Pinard (Healthy), Nicholas Robertson (Healthy)
Arturs Silovs (Healthy)
% Time on Ice - Americans
Lines # - Real PCT - Wanted PCT - Time Play
Normal Forward
1 - 35% - 40% - 15:09
2 - 25% - 30% - 10:53
3 - 25% - 20% - 11:02
4 - 15% - 10% - 6:34
Normal Defense
1 - 41% - 40% - 17:55
2 - 31% - 30% - 13:31
3 - 25% - 20% - 10:46
4 - 3% - 10% - 1:26
PP Forward
1 - 59% - 60% - 4:57
2 - 41% - 40% - 3:24
PP Defense
1 - 67% - 60% - 5:36
2 - 33% - 40% - 2:45
PK Forward
1 - 76% - 60% - 4:42
2 - 24% - 40% - 1:28
PK Defense
1 - 58% - 60% - 3:36
2 - 42% - 40% - 2:34
PK3 Forward
1 - 0% - 60%
2 - 0% - 40%
PK3 Defense
1 - 0% - 60%
2 - 0% - 40%
44 Forward
1 - 79% - 60% - 1:28
2 - 21% - 40% - 0:23
44 Defense
1 - 70% - 60% - 1:18
2 - 30% - 40% - 0:33
Last Minute Offensive - 0:00
Last Minute Defensive - 0:00
Total
Forward - 60:00
Defense - 60:00
|
% Time on Ice - Thunderbirds
Lines # - Real PCT - Wanted PCT - Time Play
Normal Forward
1 - 38% - 40% - 16:28
2 - 26% - 30% - 11:33
3 - 18% - 20% - 7:48
4 - 18% - 10% - 7:49
Normal Defense
1 - 44% - 40% - 19:12
2 - 34% - 30% - 14:52
3 - 19% - 20% - 8:12
4 - 3% - 10% - 1:22
PP Forward
1 - 55% - 60% - 3:25
2 - 45% - 40% - 2:45
PP Defense
1 - 59% - 60% - 3:39
2 - 41% - 40% - 2:31
PK Forward
1 - 77% - 60% - 6:24
2 - 23% - 40% - 1:57
PK Defense
1 - 62% - 60% - 5:12
2 - 38% - 40% - 3:09
PK3 Forward
1 - 0% - 60%
2 - 0% - 40%
PK3 Defense
1 - 0% - 60%
2 - 0% - 40%
44 Forward
1 - 77% - 60% - 1:25
2 - 23% - 40% - 0:26
44 Defense
1 - 63% - 60% - 1:10
2 - 37% - 40% - 0:41
Last Minute Offensive - 0:00
Last Minute Defensive - 0:00
Total
Forward - 60:00
Defense - 60:00
|
Play-by-Play
1st period
0:01 of 1st period - Rourke Chartier wins face-off versus Ryan Fitzgerald in neutral zone.
0:26 of 1st period - Dillon Heatherington is hit by Henri Jokiharju and loses puck.
0:51 of 1st period - Henri Jokiharju is hit by Alex Schoenborn and loses puck.
1:04 of 1st period - Snap shot by Anthony Richard.
1:04 of 1st period - Stopped by Connor Hellebyuk without a rebound.
1:05 of 1st period - Maxim Mamin wins face-off versus Trent Frederic in Americans zone.
1:05 of 1st period - Maxim Mamin is hit by Emil Bemstrom.
1:26 of 1st period - Minor Penalty to Jakob Pelletier for Diving.
1:27 of 1st period - Ryan Fitzgerald wins face-off versus Rourke Chartier in Americans zone.
1:58 of 1st period - Dillon Heatherington is hit by Anthony Richard and loses puck.
2:17 of 1st period - Vladimir Tkachev is hit by Matt Roy.
3:26 of 1st period - Penalty to Jakob Pelletier is over, Jakob Pelletier is back on ice.
5:00 of 1st period - Snap shot by Michael McCarron.
5:00 of 1st period - Shot Misses the Net.
5:31 of 1st period - Dylan Sikura is hit by Jakob Pelletier and loses puck.
6:10 of 1st period - Sami Niku is hit by Kevin Fiala and loses puck.
6:25 of 1st period - Anthony Richard is hit by Maxim Mamin.
6:37 of 1st period - Joachim Blichfeld is hit by Jacob Larsson.
6:41 of 1st period - Jacob Larsson is hit by Pierre Engvall and loses puck.
7:09 of 1st period - Off-side.
7:10 of 1st period - Dylan Sikura wins face-off versus Michael McCarron in neutral zone.
7:21 of 1st period - Wrist shot by Dylan Sikura.
7:21 of 1st period - Stopped by Connor Hellebyuk with a rebound.
7:23 of 1st period - Snap shot by Michael Rasmussen.
7:23 of 1st period - Shot Misses the Net.
7:25 of 1st period - Snap shot by Dylan Sikura.
7:25 of 1st period - Shot Misses the Net.
7:57 of 1st period - Slapshot by Maxim Mamin.
7:57 of 1st period - Stopped by Emil Larmi with a rebound.
8:38 of 1st period - Slapshot by Anthony Richard.
8:38 of 1st period - Stopped by Connor Hellebyuk without a rebound.
8:39 of 1st period - Ryan Fitzgerald wins face-off versus Anthony Richard in Americans zone.
8:50 of 1st period - Wrist shot by Ryan Fitzgerald.
8:50 of 1st period - Deflect By Vladimir Tkachev.
8:50 of 1st period - Shot Blocked by Anthony Richard.
8:50 of 1st period - Puck is out of play.
8:51 of 1st period - Rourke Chartier wins face-off versus Ryan Fitzgerald in Thunderbirds zone.
8:56 of 1st period - Snap shot by Joachim Blichfeld.
8:56 of 1st period - Stopped by Connor Hellebyuk without a rebound.
8:57 of 1st period - Ryan Fitzgerald wins face-off versus Rourke Chartier in Americans zone.
9:05 of 1st period - Minor Penalty to Calen Addison for Roughing.
9:06 of 1st period - Trent Frederic wins face-off versus Ryan Fitzgerald in Thunderbirds zone.
9:13 of 1st period - Minor Penalty to Kevin Fiala for Interference.
9:14 of 1st period - Rourke Chartier wins face-off versus Ryan Fitzgerald in Americans zone.
9:24 of 1st period - Icing by Dillon Heatherington.
9:25 of 1st period - Ryan Fitzgerald wins face-off versus Rourke Chartier in Americans zone.
9:32 of 1st period - Slapshot by Jonas Brodin.
9:32 of 1st period - Stopped by Emil Larmi without a rebound.
9:33 of 1st period - Rourke Chartier wins face-off versus Ryan Fitzgerald in Thunderbirds zone.
9:40 of 1st period - Wrist shot by Rourke Chartier.
9:40 of 1st period - Shot Misses the Net.
9:48 of 1st period - Snap shot by Vladimir Tkachev.
9:48 of 1st period - Deflect By Rourke Chartier.
9:48 of 1st period - Shot Misses the Net.
9:48 of 1st period - Puck is out of play.
9:49 of 1st period - Rourke Chartier wins face-off versus Ryan Fitzgerald in Thunderbirds zone.
11:05 of 1st period - Penalty to Calen Addison is over, Calen Addison is back on ice.
11:08 of 1st period - Maxim Mamin is hit by Rasmus Kupari and loses puck.
11:13 of 1st period - Penalty to Kevin Fiala is over, Kevin Fiala is back on ice.
11:21 of 1st period - Slapshot by Rourke Chartier.
11:21 of 1st period - Shot Misses the Net.
11:23 of 1st period - Slapshot by Frederic Allard.
11:23 of 1st period - Deflect By Jonas Brodin.
11:23 of 1st period - Stopped by Connor Hellebyuk with a rebound.
11:25 of 1st period - Wrist shot by Rourke Chartier.
11:25 of 1st period - Shot Misses the Net.
11:27 of 1st period - Slapshot by Frederic Allard.
11:27 of 1st period - Stopped by Connor Hellebyuk without a rebound.
11:28 of 1st period - Michael McCarron wins face-off versus Trent Frederic in Americans zone.
11:28 of 1st period - Michael McCarron is hit by Trent Frederic.
11:34 of 1st period - Wrist shot by Paul Cotter.
11:34 of 1st period - Stopped by Connor Hellebyuk without a rebound.
11:35 of 1st period - Michael McCarron wins face-off versus Trent Frederic in Americans zone.
11:35 of 1st period - Michael McCarron is hit by Calen Addison.
11:45 of 1st period - Wrist shot by John Leonard.
11:45 of 1st period - Shot Misses the Net.
12:03 of 1st period - Wrist shot by Richard Nejezchleb.
12:03 of 1st period - Stopped by Emil Larmi with a rebound.
12:05 of 1st period - Slapshot by Ryan Fitzgerald.
12:05 of 1st period - Deflect By Kevin Fiala.
12:05 of 1st period - Deflect By Anthony Richard.
12:05 of 1st period - Shot Blocked by Anthony Richard.
12:05 of 1st period - Puck is out of play.
12:06 of 1st period - Ryan Fitzgerald wins face-off versus Rourke Chartier in Thunderbirds zone.
12:09 of 1st period - Wrist shot by Kevin Fiala.
12:09 of 1st period - Shot Misses the Net.
12:11 of 1st period - Minor Penalty to Joachim Blichfeld for Cross-checking.
12:12 of 1st period - Kevin Fiala wins face-off versus Trent Frederic in Thunderbirds zone.
12:15 of 1st period - Snap shot by Kevin Fiala.
12:15 of 1st period - Stopped by Emil Larmi with a rebound.
12:17 of 1st period - Snap shot by Ryan Fitzgerald.
12:17 of 1st period - Goal by Ryan Fitzgerald - Americans : 1 - Thunderbirds : 0.
12:18 of 1st period - Ryan Fitzgerald wins face-off versus Rourke Chartier in neutral zone.
12:45 of 1st period - Anthony Richard is hit by Dillon Heatherington and loses puck.
13:00 of 1st period - Minor Penalty to John Leonard for Cross-checking.
13:01 of 1st period - Ryan Fitzgerald wins face-off versus Rourke Chartier in Americans zone.
13:51 of 1st period - Rourke Chartier is hit by Ryan Fitzgerald.
14:16 of 1st period - Slapshot by Jonas Brodin.
14:16 of 1st period - Stopped by Emil Larmi with a rebound.
15:00 of 1st period - Penalty to John Leonard is over, John Leonard is back on ice.
15:09 of 1st period - Samuel Bolduc is hit by Rasmus Kupari and loses puck.
15:43 of 1st period - Frederic Allard is hit by Spencer Stastney and loses puck.
16:03 of 1st period - Off-side.
16:04 of 1st period - Rasmus Kupari wins face-off versus Michael McCarron in neutral zone.
16:07 of 1st period - Slapshot by Calen Addison.
16:07 of 1st period - Stopped by Connor Hellebyuk with a rebound.
16:24 of 1st period - Icing by Jacob Larsson.
16:25 of 1st period - Ryan Fitzgerald wins face-off versus Rourke Chartier in Americans zone.
16:36 of 1st period - Wrist shot by Ryan Fitzgerald.
16:36 of 1st period - Shot Blocked by Joachim Blichfeld.
16:38 of 1st period - Slapshot by Devon Teows.
16:38 of 1st period - Shot Blocked by Dylan Blujus.
16:40 of 1st period - Slapshot by Devon Teows.
16:40 of 1st period - Shot Misses the Net.
17:25 of 1st period - Off-side.
17:26 of 1st period - Rasmus Kupari wins face-off versus Ryan Fitzgerald in neutral zone.
17:58 of 1st period - Snap shot by Rourke Chartier.
17:58 of 1st period - Stopped by Connor Hellebyuk with a rebound.
18:02 of 1st period - Snap shot by Rourke Chartier.
18:02 of 1st period - Stopped by Connor Hellebyuk with a rebound.
18:18 of 1st period - Snap shot by Anthony Richard.
18:18 of 1st period - Shot Blocked by Spencer Stastney.
18:33 of 1st period - Minor Penalty to Dylan Blujus for Interference.
18:34 of 1st period - Ryan Fitzgerald wins face-off versus Trent Frederic in Thunderbirds zone.
18:44 of 1st period - Snap shot by Jonas Brodin.
18:44 of 1st period - Deflect By Calen Addison.
18:44 of 1st period - Stopped by Emil Larmi with a rebound.
18:46 of 1st period - Snap shot by Ryan Fitzgerald.
18:46 of 1st period - Stopped by Emil Larmi without a rebound.
18:47 of 1st period - Trent Frederic wins face-off versus Kevin Fiala in Thunderbirds zone.
18:56 of 1st period - Slapshot by Ryan Fitzgerald.
18:56 of 1st period - Goal by Ryan Fitzgerald - Americans : 2 - Thunderbirds : 0.
18:57 of 1st period - Ryan Fitzgerald wins face-off versus Rourke Chartier in neutral zone.
19:00 of 1st period - Backhand shot by Ryan Fitzgerald.
19:00 of 1st period - Stopped by Emil Larmi with a rebound.
19:06 of 1st period - Slapshot by Rourke Chartier.
19:06 of 1st period - Shot Blocked by Ryan Fitzgerald.
19:08 of 1st period - Slapshot by Calen Addison.
19:08 of 1st period - Stopped by Connor Hellebyuk without a rebound.
19:09 of 1st period - Rourke Chartier wins face-off versus Vladimir Tkachev in Americans zone.
19:10 of 1st period - Wrist shot by Joachim Blichfeld.
19:10 of 1st period - Stopped by Connor Hellebyuk without a rebound.
19:11 of 1st period - Ryan Fitzgerald wins face-off versus Rourke Chartier in Americans zone.
19:24 of 1st period - Snap shot by Ryan Fitzgerald.
19:24 of 1st period - Shot Blocked by Calen Addison.
19:30 of 1st period - Kevin Fiala is hit by Rourke Chartier and loses puck.
19:43 of 1st period - Calen Addison is hit by Michael McCarron and loses puck.
Goals for this period are 2 for Americans vs 0 for Thunderbirds.
Shots for this period are 10 for Americans vs 12 for Thunderbirds.
2nd period
0:01 of 2nd period - Ryan Fitzgerald wins face-off versus Rourke Chartier in neutral zone.
0:08 of 2nd period - Slapshot by Jonas Brodin.
0:08 of 2nd period - Deflect By Calen Addison.
0:08 of 2nd period - Stopped by Emil Larmi with a rebound.
0:14 of 2nd period - Wrist shot by Vladimir Tkachev.
0:14 of 2nd period - Shot Blocked by Henri Jokiharju.
0:37 of 2nd period - Wrist shot by Dylan Sikura.
0:37 of 2nd period - Deflect By Anthony Richard.
0:37 of 2nd period - Shot Blocked by Michael McCarron.
0:37 of 2nd period - Puck is out of play.
0:38 of 2nd period - Ryan Fitzgerald wins face-off versus Trent Frederic in Americans zone.
0:55 of 2nd period - Vladimir Tkachev is hit by Dylan Blujus and loses puck.
1:17 of 2nd period - Snap shot by Joachim Blichfeld.
1:17 of 2nd period - Stopped by Connor Hellebyuk with a rebound.
2:09 of 2nd period - Snap shot by Vladimir Tkachev.
2:09 of 2nd period - Deflect By Sami Niku.
2:09 of 2nd period - Shot Misses the Net.
2:09 of 2nd period - Puck is out of play.
2:10 of 2nd period - Ryan Fitzgerald wins face-off versus Trent Frederic in Thunderbirds zone.
2:11 of 2nd period - Snap shot by Kevin Fiala.
2:11 of 2nd period - Stopped by Emil Larmi with a rebound.
2:17 of 2nd period - Snap shot by Paul Cotter.
2:17 of 2nd period - Deflect By Vladimir Tkachev.
2:17 of 2nd period - Shot Blocked by Vladimir Tkachev.
2:17 of 2nd period - Puck is out of play.
2:18 of 2nd period - Rourke Chartier wins face-off versus Ryan Fitzgerald in Americans zone.
2:35 of 2nd period - Wrist shot by Rourke Chartier.
2:35 of 2nd period - Shot Misses the Net.
3:14 of 2nd period - Slapshot by Matt Roy.
3:14 of 2nd period - Shot Misses the Net.
3:28 of 2nd period - Calen Addison is hit by Alex Schoenborn and loses puck.
3:51 of 2nd period - Wrist shot by Kevin Fiala.
3:51 of 2nd period - Stopped by Emil Larmi with a rebound.
3:53 of 2nd period - Snap shot by Ryan Fitzgerald.
3:53 of 2nd period - Stopped by Emil Larmi without a rebound.
3:54 of 2nd period - Ryan Fitzgerald wins face-off versus Rourke Chartier in Thunderbirds zone.
3:55 of 2nd period - Snap shot by Jonas Brodin.
3:55 of 2nd period - Shot Misses the Net.
3:57 of 2nd period - Slapshot by Dillon Heatherington.
3:57 of 2nd period - Shot Misses the Net.
3:59 of 2nd period - Snap shot by Kevin Fiala.
3:59 of 2nd period - Stopped by Emil Larmi with a rebound.
4:01 of 2nd period - Wrist shot by Kevin Fiala.
4:01 of 2nd period - Shot Blocked by Joachim Blichfeld.
4:09 of 2nd period - Slapshot by Jonas Brodin.
4:09 of 2nd period - Shot Blocked by Rourke Chartier.
4:51 of 2nd period - Snap shot by Trey Fix-Wolansky.
4:51 of 2nd period - Deflect By Rasmus Kupari.
4:51 of 2nd period - Shot Misses the Net.
4:51 of 2nd period - Puck is out of play.
4:52 of 2nd period - Ryan Fitzgerald wins face-off versus Rourke Chartier in Americans zone.
5:06 of 2nd period - Snap shot by Rourke Chartier.
5:06 of 2nd period - Shot Misses the Net.
5:18 of 2nd period - Dylan Blujus is hit by John Leonard and loses puck.
5:23 of 2nd period - Slapshot by Richard Nejezchleb.
5:23 of 2nd period - Stopped by Emil Larmi with a rebound.
5:25 of 2nd period - Slapshot by Spencer Stastney.
5:25 of 2nd period - Shot Misses the Net.
5:27 of 2nd period - Slapshot by Spencer Stastney.
5:27 of 2nd period - Shot Misses the Net.
5:45 of 2nd period - Backhand shot by Jakob Pelletier.
5:45 of 2nd period - Stopped by Emil Larmi with a rebound.
6:01 of 2nd period - Wrist shot by Artturi Lehkonen.
6:01 of 2nd period - Stopped by Connor Hellebyuk with a rebound.
6:25 of 2nd period - Slapshot by Jacob Larsson.
6:25 of 2nd period - Shot Misses the Net.
6:27 of 2nd period - Slapshot by Devon Teows.
6:27 of 2nd period - Stopped by Emil Larmi without a rebound.
6:28 of 2nd period - Rourke Chartier wins face-off versus Michael McCarron in Thunderbirds zone.
6:35 of 2nd period - Dillon Heatherington is hit by Joachim Blichfeld and loses puck.
7:25 of 2nd period - Slapshot by Anthony Richard.
7:25 of 2nd period - Stopped by Connor Hellebyuk without a rebound.
7:26 of 2nd period - Rourke Chartier wins face-off versus Ryan Fitzgerald in Americans zone.
7:59 of 2nd period - Snap shot by Maxim Mamin.
7:59 of 2nd period - Stopped by Emil Larmi without a rebound.
8:00 of 2nd period - Maxim Mamin wins face-off versus Anthony Richard in Thunderbirds zone.
8:07 of 2nd period - Wrist shot by Jakob Pelletier.
8:07 of 2nd period - Stopped by Emil Larmi with a rebound.
8:41 of 2nd period - Minor Penalty to Calen Addison for Interference.
8:42 of 2nd period - Ryan Fitzgerald wins face-off versus Trent Frederic in Thunderbirds zone.
8:47 of 2nd period - Snap shot by Ryan Fitzgerald.
8:47 of 2nd period - Shot Misses the Net.
8:49 of 2nd period - Slapshot by Dillon Heatherington.
8:49 of 2nd period - Americans goal is going for a video replay.
8:49 of 2nd period - The goal is refused. The referee deems the play has been stopped, even if he had not physically had the opportunity to stop play by blowing his whistle..
8:50 of 2nd period - Trent Frederic wins face-off versus Ryan Fitzgerald in Thunderbirds zone.
9:07 of 2nd period - Frederic Allard is hit by Jonas Brodin.
9:10 of 2nd period - Off-side.
9:11 of 2nd period - Trent Frederic wins face-off versus Michael McCarron in neutral zone.
10:13 of 2nd period - Backhand shot by Dylan Sikura.
10:13 of 2nd period - Shot Misses the Net.
10:31 of 2nd period - Artturi Lehkonen is hit by Jacob Larsson and loses puck.
10:41 of 2nd period - Penalty to Calen Addison is over, Calen Addison is back on ice.
10:49 of 2nd period - Minor Penalty to Vladimir Tkachev for Delaying the game.
10:50 of 2nd period - Rourke Chartier wins face-off versus Michael McCarron in Americans zone.
11:04 of 2nd period - Snap shot by Joachim Blichfeld.
11:04 of 2nd period - Shot Misses the Net.
12:49 of 2nd period - Penalty to Vladimir Tkachev is over, Vladimir Tkachev is back on ice.
13:03 of 2nd period - Snap shot by Nathan Noel.
13:03 of 2nd period - Stopped by Emil Larmi with a rebound.
13:05 of 2nd period - Snap shot by Nathan Noel.
13:05 of 2nd period - Shot Misses the Net.
13:07 of 2nd period - Slapshot by Spencer Stastney.
13:07 of 2nd period - Deflect By Rasmus Kupari.
13:07 of 2nd period - Stopped by Emil Larmi with a rebound.
13:28 of 2nd period - Minor Penalty to Paul Cotter for Tripping.
13:29 of 2nd period - Trent Frederic wins face-off versus Ryan Fitzgerald in Thunderbirds zone.
15:28 of 2nd period - Penalty to Paul Cotter is over, Paul Cotter is back on ice.
17:52 of 2nd period - Felix Bibeau is hit by Rourke Chartier and loses puck.
18:05 of 2nd period - Trent Frederic is hit by Daniel Sprong.
18:11 of 2nd period - Jakob Pelletier is hit by Dylan Blujus and loses puck.
18:22 of 2nd period - Slapshot by Jonas Brodin.
18:22 of 2nd period - Deflect By Sami Niku.
18:22 of 2nd period - Stopped by Emil Larmi without a rebound.
18:23 of 2nd period - Michael McCarron wins face-off versus Rasmus Kupari in Thunderbirds zone.
18:24 of 2nd period - Slapshot by John Leonard.
18:24 of 2nd period - Stopped by Emil Larmi with a rebound.
18:34 of 2nd period - Devon Teows is hit by Artturi Lehkonen and loses puck.
19:18 of 2nd period - Wrist shot by Joachim Blichfeld.
19:18 of 2nd period - Stopped by Connor Hellebyuk without a rebound.
19:19 of 2nd period - Anthony Richard wins face-off versus Michael McCarron in Americans zone.
19:22 of 2nd period - Slapshot by Anthony Richard.
19:22 of 2nd period - Goal by Anthony Richard - Americans : 2 - Thunderbirds : 1.
19:23 of 2nd period - Ryan Fitzgerald wins face-off versus Rourke Chartier in neutral zone.
19:27 of 2nd period - Off-side.
19:28 of 2nd period - Ryan Fitzgerald wins face-off versus Rourke Chartier in neutral zone.
19:56 of 2nd period - Backhand shot by Richard Nejezchleb.
19:56 of 2nd period - Shot Misses the Net.
Goals for this period are 0 for Americans vs 1 for Thunderbirds.
Shots for this period are 15 for Americans vs 5 for Thunderbirds.
3rd period
0:01 of 3rd period - Kevin Fiala wins face-off versus Rourke Chartier in neutral zone.
0:03 of 3rd period - Off-side.
0:04 of 3rd period - Ryan Fitzgerald wins face-off versus Rourke Chartier in neutral zone.
0:10 of 3rd period - Snap shot by Kevin Fiala.
0:10 of 3rd period - Stopped by Emil Larmi without a rebound.
0:11 of 3rd period - Rourke Chartier wins face-off versus Ryan Fitzgerald in Thunderbirds zone.
1:00 of 3rd period - Wrist shot by Emil Bemstrom.
1:00 of 3rd period - Deflect By Paul Cotter.
1:00 of 3rd period - Stopped by Connor Hellebyuk with a rebound.
1:02 of 3rd period - Backhand shot by Emil Bemstrom.
1:02 of 3rd period - Stopped by Connor Hellebyuk with a rebound.
1:04 of 3rd period - Snap shot by Paul Cotter.
1:04 of 3rd period - Stopped by Connor Hellebyuk without a rebound.
1:05 of 3rd period - Rourke Chartier wins face-off versus Ryan Fitzgerald in Americans zone.
1:09 of 3rd period - Minor Penalty to Ryan Fitzgerald for Tripping.
1:10 of 3rd period - Rourke Chartier wins face-off versus Michael McCarron in Americans zone.
1:14 of 3rd period - Wrist shot by Joachim Blichfeld.
1:14 of 3rd period - Goal by Joachim Blichfeld - Americans : 2 - Thunderbirds : 2.
1:15 of 3rd period - Kevin Fiala wins face-off versus Rourke Chartier in neutral zone.
1:46 of 3rd period - Minor Penalty to Paul Cotter for Holding.
1:47 of 3rd period - Trent Frederic wins face-off versus John Leonard in Thunderbirds zone.
1:59 of 3rd period - Snap shot by Richard Nejezchleb.
1:59 of 3rd period - Shot Blocked by Calen Addison.
3:41 of 3rd period - Icing by Maxim Mamin.
3:42 of 3rd period - Trent Frederic wins face-off versus John Leonard in Americans zone.
3:46 of 3rd period - Penalty to Paul Cotter is over, Paul Cotter is back on ice.
3:59 of 3rd period - Slapshot by Henri Jokiharju.
3:59 of 3rd period - Stopped by Connor Hellebyuk with a rebound.
4:13 of 3rd period - Wrist shot by Alex Schoenborn.
4:13 of 3rd period - Stopped by Emil Larmi without a rebound.
4:14 of 3rd period - Nathan Noel wins face-off versus Anthony Richard in Thunderbirds zone.
6:17 of 3rd period - Snap shot by Trey Fix-Wolansky.
6:17 of 3rd period - Shot Misses the Net.
6:29 of 3rd period - Dillon Heatherington is hit by Joachim Blichfeld and loses puck.
6:36 of 3rd period - Slapshot by Rourke Chartier.
6:36 of 3rd period - Stopped by Connor Hellebyuk with a rebound.
6:38 of 3rd period - Snap shot by Rourke Chartier.
6:38 of 3rd period - Stopped by Connor Hellebyuk without a rebound.
6:39 of 3rd period - Michael McCarron wins face-off versus Joachim Blichfeld in Americans zone.
6:52 of 3rd period - Wrist shot by Rourke Chartier.
6:52 of 3rd period - Shot Misses the Net.
7:17 of 3rd period - Off-side.
7:18 of 3rd period - Rourke Chartier wins face-off versus Ryan Fitzgerald in neutral zone.
7:27 of 3rd period - Backhand shot by Rourke Chartier.
7:27 of 3rd period - Deflect By Jonas Brodin.
7:27 of 3rd period - Stopped by Connor Hellebyuk with a rebound.
7:34 of 3rd period - Icing by Kevin Fiala.
7:35 of 3rd period - Anthony Richard wins face-off versus Ryan Fitzgerald in Americans zone.
7:56 of 3rd period - Snap shot by Ryan Fitzgerald.
7:56 of 3rd period - Stopped by Emil Larmi without a rebound.
7:57 of 3rd period - Rourke Chartier wins face-off versus Michael McCarron in Thunderbirds zone.
7:57 of 3rd period - Rourke Chartier is hit by Michael McCarron.
8:07 of 3rd period - Slapshot by Sami Niku.
8:07 of 3rd period - Deflect By John Leonard.
8:07 of 3rd period - Stopped by Connor Hellebyuk without a rebound.
8:08 of 3rd period - Ryan Fitzgerald wins face-off versus Rourke Chartier in Americans zone.
8:56 of 3rd period - Snap shot by Dylan Sikura.
8:56 of 3rd period - Stopped by Connor Hellebyuk without a rebound.
8:57 of 3rd period - Trent Frederic wins face-off versus Maxim Mamin in Americans zone.
9:08 of 3rd period - Slapshot by Emil Bemstrom.
9:08 of 3rd period - Shot Misses the Net.
9:13 of 3rd period - Jacob Larsson is hit by Dylan Blujus and loses puck.
11:15 of 3rd period - Matt Roy is hit by Maxim Mamin and loses puck.
11:53 of 3rd period - Icing by Rourke Chartier.
11:54 of 3rd period - Rourke Chartier wins face-off versus Ryan Fitzgerald in Thunderbirds zone.
12:17 of 3rd period - Rourke Chartier is hit by Michael McCarron and loses puck.
12:59 of 3rd period - Snap shot by Ryan Fitzgerald.
12:59 of 3rd period - Shot Blocked by Henri Jokiharju.
13:01 of 3rd period - Snap shot by Ryan Fitzgerald.
13:01 of 3rd period - Deflect By Kevin Fiala.
13:01 of 3rd period - Shot Misses the Net.
13:01 of 3rd period - Puck is out of play.
13:02 of 3rd period - Ryan Fitzgerald wins face-off versus Trent Frederic in Thunderbirds zone.
13:09 of 3rd period - Slapshot by Kevin Fiala.
13:09 of 3rd period - Goal by Kevin Fiala - Americans : 3 - Thunderbirds : 2.
13:10 of 3rd period - Anthony Richard wins face-off versus Kevin Fiala in neutral zone.
13:35 of 3rd period - John Leonard is hit by Calen Addison and loses puck.
14:31 of 3rd period - Slapshot by Dylan Sikura.
14:31 of 3rd period - Goal by Dylan Sikura - Americans : 3 - Thunderbirds : 3.
14:32 of 3rd period - Ryan Fitzgerald wins face-off versus Anthony Richard in neutral zone.
14:36 of 3rd period - Snap shot by Vladimir Tkachev.
14:36 of 3rd period - Stopped by Emil Larmi with a rebound.
14:38 of 3rd period - Slapshot by Vladimir Tkachev.
14:38 of 3rd period - Stopped by Emil Larmi without a rebound.
14:39 of 3rd period - Ryan Fitzgerald wins face-off versus Anthony Richard in Thunderbirds zone.
14:40 of 3rd period - Wrist shot by Kevin Fiala.
14:40 of 3rd period - Stopped by Emil Larmi with a rebound.
14:42 of 3rd period - Snap shot by Kevin Fiala.
14:42 of 3rd period - Goal by Kevin Fiala - Americans : 4 - Thunderbirds : 3.
14:43 of 3rd period - Rourke Chartier wins face-off versus Ryan Fitzgerald in neutral zone.
15:19 of 3rd period - Snap shot by Paul Cotter.
15:19 of 3rd period - Stopped by Connor Hellebyuk with a rebound.
15:36 of 3rd period - Icing by Dillon Heatherington.
15:37 of 3rd period - Trent Frederic wins face-off versus Michael McCarron in Americans zone.
15:46 of 3rd period - Slapshot by Emil Bemstrom.
15:46 of 3rd period - Stopped by Connor Hellebyuk without a rebound.
15:47 of 3rd period - Trent Frederic wins face-off versus Ryan Fitzgerald in Americans zone.
16:14 of 3rd period - Calen Addison is hit by Jakob Pelletier and loses puck.
16:48 of 3rd period - Wrist shot by Maxim Mamin.
16:48 of 3rd period - Stopped by Emil Larmi without a rebound.
16:49 of 3rd period - Ryan Fitzgerald wins face-off versus Trent Frederic in Thunderbirds zone.
16:54 of 3rd period - Snap shot by Ryan Fitzgerald.
16:54 of 3rd period - Shot Misses the Net.
16:56 of 3rd period - Slapshot by Dillon Heatherington.
16:56 of 3rd period - Shot Misses the Net.
18:04 of 3rd period - Slapshot by Rasmus Kupari.
18:04 of 3rd period - Shot Misses the Net.
18:12 of 3rd period - Minor Penalty to Trey Fix-Wolansky for High sticking.
18:13 of 3rd period - Ryan Fitzgerald wins face-off versus Trent Frederic in Thunderbirds zone.
Goals for this period are 2 for Americans vs 2 for Thunderbirds.
Shots for this period are 9 for Americans vs 13 for Thunderbirds.